 Dungeon Crawl Stone Soup version 0.30.1-3-gfc49f6343a (webtiles) character file.

Game seed: 12683202010045622510

575648 cdecastro the Tortoise (level 25, 0/247 HPs)
             Began as an Armataur Warper on Aug 8, 2023.
             Was the Champion of Fedhas.
             Killed from afar by an electric golem (36 damage)
             ... with a bolt of lightning
             ... on level 3 of the Realm of Zot on Aug 9, 2023.
             The game lasted 04:54:24 (77825 turns).

cdecastro the Tortoise (Armataur Warper)           Turns: 77825, Time: 04:54:25

Health: 0/247      AC: 45    Str: 29    XL:     25   Next: 77%
Magic:  37/37      EV: 21    Int:  7    God:    Fedhas [******]
Gold:   3511       SH: 16    Dex: 19    Spells: 11/27 levels left

rFire   . . .        b - +8 broad axe (elec)
rCold   + . .        s - +2 kite shield {AC+3}
rNeg    + + .        w - +12 plate armour "Migoj" {rC+ Int-4 Slay+2 SInv}
rPois   +            h - +2 hat
rElec   .            A - +1 cloak of Starlight {*Dazzle EV+4 Stlth--}
rCorr   .            N - +5 pair of gloves of the Maze {rPois rN++ Int-3 Dex+3}
SInv    +            (no barding)
Will    ++...        X - amulet of Vitality {RegenMP++ Regen++} Stlth
                     y - ring "Luingu" {Will+ EV+5 Dex+3}
HPRegen 2.21/turn    L - +5 ring of evasion
MPRegen 1.05/turn

%: roll
@: studying Ranged Weapons
A: large, rugged brown scales 3, deformed body, armoured tail, roll, long
tongue, awkward tongue, antennae 1, fangs 1, thin skeletal structure 1,
deterioration 1, high MP 1, poison resistance, shaggy fur 1, strong 1, wild
magic 1
}: 3/15 runes: decaying, serpentine, silver
a: Renounce Religion, Wall of Briars, Grow Ballistomycete, Overgrow, Grow Oklob


You were on level 3 of the Realm of Zot.
You worshipped Fedhas.
Fedhas was exalted by your worship.
You visited 11 branches of the dungeon, and saw 49 of its levels.
You visited the Abyss 1 time.
You visited 1 bazaar.

You collected 6275 gold pieces.
You spent 2764 gold pieces at shops.

Inventory:

Hand Weapons
 a - a +9 demon whip of venom
 b - a +8 broad axe of electrocution (weapon)
 e - a +1 morningstar of holy wrath
Missiles
 d - 11 boomerangs of dispersal
 D - 17 atropa-tipped darts
 F - 21 boomerangs (quivered)
 G - 2 silver javelins
 U - 16 javelins
Armour
 h - a +2 hat (worn)
 s - a +2 kite shield of protection (worn)
 u - +0 gold dragon scales
 w - the +12 plate armour "Migoj" (worn) {rC+ Int-4 Slay+2 SInv}
   (You took it off an orc warrior on level 11 of the Dungeon)

   Int:       It affects your intelligence (-4).
   Slay:      It affects your accuracy & damage with ranged weapons and melee
   (+2).
   rC:        It protects you from cold.
   SInv:      It lets you see invisible.
 A - the +1 cloak of Starlight (worn) {*Dazzle EV+4 Stlth--}
   (You found it on level 4 of the Dungeon)

   *Dazzle:   It may blind those who miss an attack against the wearer in melee
   combat.
   EV:        It affects your evasion (+4).
   Stlth:     It makes you much less stealthy.
 N - the +5 pair of gloves of the Maze (worn) {rPois rN++ Int-3 Dex+3}
   (You bought it in a shop on level 2 of the Orcish Mines)

   Int:       It affects your intelligence (-3).
   Dex:       It affects your dexterity (+3).
   rPois:     It protects you from poison.
   rN:        It greatly protects you from negative energy.
Jewellery
 k - the ring of Ilunalu {rElec rPois rC+}
   (You acquired it on level 12 of the Dungeon)

   [ring of protection from cold]

   rC:        It protects you from cold.
   rElec:     It insulates you from electricity.
   rPois:     It protects you from poison.
 p - the ring of Zenomeor {Will+ Dex+6}
   (You found it on level 5 of the Vaults)

   [ring of dexterity]

   Dex:       It affects your dexterity (+6).
   Will:      It increases your willpower.
 y - the ring "Luingu" (left hand) {Will+ EV+5 Dex+3}
   (You took it off an orc on level 4 of the Dungeon)

   [ring of evasion]

   EV:        It affects your evasion (+5).
   Dex:       It affects your dexterity (+3).
   Will:      It increases your willpower.
 C - the ring of the Shrinking Enemy {rF+ rCorr Str+5 Int-3 Dex+2}
   (You took it off a deep elf death mage on level 3 of the Elven Halls)

   [ring of protection from fire]

   Str:       It affects your strength (+5).
   Int:       It affects your intelligence (-3).
   Dex:       It affects your dexterity (+2).
   rF:        It protects you from fire.
   rCorr:     It protects you from acid and corrosion.
 L - a +5 ring of evasion (right hand)
 X - the amulet of Vitality (around neck) {RegenMP++ Regen++}
   (You took it off a vampire knight on level 1 of the Depths)

   [amulet of magic regeneration]

   It increases your rate of magic regeneration.
   Regen:     It increases your rate of health regeneration.
Wands
 c - a wand of quicksilver (13)
 j - a wand of paralysis (47)
 x - a wand of digging (3)
 J - a wand of mindburst (45)
 T - a wand of iceblast (53)
Scrolls
 g - 14 scrolls of immolation
 q - 15 scrolls of teleportation
 t - 2 scrolls of butterflies
 H - 8 scrolls of poison
 I - 6 scrolls of fog
 K - 7 scrolls of fear
 M - 3 scrolls of silence
 P - 7 scrolls of magic mapping
 Y - 10 scrolls of vulnerability
 Z - 7 scrolls of blinking
Potions
 f - 2 potions of berserk rage
 i - 6 potions of resistance
 l - 12 potions of heal wounds
 m - 18 potions of curing
 o - 12 potions of haste
 r - 6 potions of attraction
 v - 5 potions of invisibility
 B - 3 potions of might
 E - 4 potions of magic
 V - 4 potions of cancellation
Miscellaneous
 n - a phantom mirror
 O - a lightning rod (4/4)
 Q - a box of beasts
 R - a phial of floods
 W - a tin of tremorstones (2/2)


   Skills:
 - Level 20.0 Fighting
 - Level 20.0 Maces & Flails
 - Level 16.0 Throwing
 * Level 20.7 Armour
 - Level 1.3 Dodging
 - Level 10.0 Stealth
 - Level 14.4 Shields
 - Level 1.7 Spellcasting
 - Level 10.0 Translocations
 - Level 15.0 Invocations
 - Level 15.0 Evocations


You had 11 spell levels left.
You knew the following spells:

 Your Spells              Type           Power      Damage    Failure   Level
a - Blink                 Tloc           36%        N/A       9%          2
b - Manifold Assault      Tloc           18%        N/A       45%         4
c - Passage of Golubria   Tloc           18%        N/A       45%         4
d - Dispersal             Tloc           9%         N/A       100%        6

Your spell library contained the following spells:

 Spells                   Type           Power      Damage    Failure   Level
 Lesser Beckoning         Tloc           36%        N/A       9%          2
 Gell's Gravitas          Tloc           18%        N/A       16%         3
 Teleport Other           Tloc           18%        N/A       16%         3
 Portal Projectile        Hex/Tloc       18%        N/A       73%         3
 Vhi's Electric Charge    Tloc/Air       18%        N/A       73%         3
 Beastly Appendage        Tmut           0%         N/A       95%         1
 Magic Dart               Conj           0%         1d3       95%         1
 Shock                    Conj/Air       0%         1d3       95%         1
 Call Imp                 Summ           0%         N/A       99%         2
 Ensorcelled Hibernation  Hex/Ice        0%         N/A       99%         2
 Passwall                 Tmut/Erth      0%         N/A       99%         2
 Poisonous Vapours        Pois/Air       0%         N/A       99%         2
 Sublimation of Blood     Necr           0%         N/A       99%         2
 Wereblood                Tmut           0%         N/A       99%         2
 Call Canine Familiar     Summ           0%         N/A       100%        3
 Hailstorm                Conj/Ice       0%         3d3       100%        3
 Ignite Poison            Fire/Tmut/Pois 0%         N/A       100%        3
 Inner Flame              Hex/Fire       0%         N/A       100%        3
 Mephitic Cloud           Conj/Pois/Air  0%         N/A       100%        3
 Spider Form              Tmut/Pois      0%         N/A       100%        3
 Stone Arrow              Conj/Erth      0%         3d7       100%        3
 Swiftness                Air            0%         N/A       100%        3
 Tukima's Dance           Hex            0%         N/A       100%        3
 Airstrike                Air            0%         2d(0-16)  100%        4
 Animate Armour           Summ/Erth      0%         N/A       100%        4
 Cause Fear               Hex            0%         N/A       100%        4
 Leda's Liquefaction      Hex/Erth       0%         N/A       100%        4
 Olgreb's Toxic Radiance  Pois           0%         N/A       100%        4
 Petrify                  Tmut/Erth      0%         N/A       100%        4
 Sticky Flame             Conj/Fire      0%         2d3       100%        4
 Alistair's Intoxication  Tmut/Pois      0%         N/A       100%        5
 Arcjolt                  Conj/Air       0%         1d10      100%        5
 Blade Hands              Tmut           0%         N/A       100%        5
 Borgnjor's Vile Clutch   Necr/Erth      0%         N/A       100%        5
 Fireball                 Conj/Fire      0%         3d3       100%        5
 Freezing Cloud           Conj/Ice/Air   0%         6-21      100%        5
 Irradiate                Conj/Tmut      0%         3d11      100%        5
 Iskenderun's Battlesphe  Conj           0%         2d6       100%        5
 Summon Forest            Summ/Tloc      4%         N/A       100%        5
 Summon Mana Viper        Hex/Summ       0%         N/A       100%        5
 Yara's Violent Unravell  Hex/Tmut       0%         3d3       100%        5
 Conjure Ball Lightning   Conj/Air       0%         3x3d6     100%        6
 Eringya's Noxious Bog    Tmut/Pois      0%         N/A       100%        6
 Iron Shot                Conj/Erth      0%         9d1       100%        6
 Plasma Beam              Fire/Air       0%         2x1d11    100%        6
 Statue Form              Tmut/Erth      0%         N/A       100%        6
 Summon Cactus Giant      Summ           0%         N/A       100%        6
 Dragon Form              Tmut           0%         N/A       100%        7
 Enfeeble                 Hex            0%         N/A       100%        7
 Orb of Destruction       Conj           0%         9d5       100%        7
 Storm Form               Tmut/Air       0%         N/A       100%        7
 Summon Hydra             Summ           0%         N/A       100%        7
 Ignition                 Fire           0%         3d3       100%        8
 Lehudib's Crystal Spear  Conj/Erth      0%         10d2      100%        8
 Chain Lightning          Conj/Air       0%         N/A       100%        9
 Dragon's Call            Summ           0%         N/A       100%        9
 Fire Storm               Conj/Fire      0%         5d1       100%        9
 Shatter                  Erth           0%         3d5*      100%        9


Dungeon Overview and Level Annotations

Branches:
Dungeon (15/15)            Temple (1/1) D:6            Lair (5/5) D:9
  Swamp (4/4) Lair:3        Snake (4/4) Lair:3        Slime (0/5) Lair:5
    Orc (2/2) D:9             Elf (3/3) Orc:2        Vaults (5/5) D:13
  Crypt (3/3) Vaults:3       Tomb (0/3) Crypt:3      Depths (4/4) D:15
    Zot (3/5) Depths:4

Altars:
Cheibriados
Dithmenos
Elyvilon
Fedhas
Kikubaaqudgha
Nemelex Xobeh
Qazlal
Ru
Trog
Uskayaw
Vehumet
Wu Jian
Xom
Yredelemnul
Zin
The Shining One
Jiyva

Shops:
D:10 [   D:13 *   Orc:2 ?*![   Elf:1 [??   Snake:4 :   Vaults:1 !   Vaults:2 ?
Depths:3 :

Portals:
Hell: Depths:1 Depths:2 Depths:3 Depths:4
Abyss: Depths:2 Depths:3
Pandemonium: Depths:2
Ziggurat: Depths:2

Annotations:
Elf:3 =ring of the mage
Zot:1 1 runed translucent door, Pongem's ghost, legendary MiAK
Zot:3 2 runed translucent doors


Innate Abilities, Weirdness & Mutations

You are completely covered in rugged brown scales. (AC +3, +7% HP)
Armour fits poorly on your strangely shaped body.
You have a long armoured tail.
You roll when moving toward enemies. (Rampage)
Your long tongue fully drains potion bottles. (2x potion effects)
Your tongue gives you trouble enunciating. (1.5x scroll delay)
You have a pair of small antennae on your head.
You have very sharp teeth.
You have a somewhat thin skeletal structure. (Dex +2, Stealth+)
Your body sometimes deteriorates upon taking damage.
You have an increased reservoir of magic. (+10% MP)
Your system is resistant to poisons. (rPois)
You are covered in fur. (AC +1)
Your muscles are strong. (Str +4, Int/Dex -1)
Your spells are a little harder to cast, but a little more powerful.


Message History

You block the black draconian knight's attack.
The red draconian closely misses you.
The green draconian completely misses you.
The green draconian monk hits you but does no damage.
You block the green draconian monk's attack.
The green draconian monk tail-slaps you but does no damage. x2
The black draconian knight hits you but does no damage.
Unknown command.
Unknown command.
You completely miss the black draconian knight.
The black draconian knight is almost dead.
You barely miss the green draconian monk.
You hit the red draconian.
Lightning courses through the red draconian!!
You kill the red draconian!
Fedhas appreciates your contribution to the ecosystem.
The black draconian knight breathes lightning at you.
The bolt of lightning hits you!!
* * * LOW HITPOINT WARNING * * *
The bolt of lightning misses you.
The bolt of lightning hits the black draconian knight.
The black draconian knight completely resists.
The green draconian monk breathes poison at you.
The blast of poison engulfs you but does no damage.
You resist.
The green draconian hits you but does no damage.
The electric golem hurls lightning at you.
The bolt of lightning hits you!!
* * * LOW HITPOINT WARNING * * *
You hear a roar!
Blink to where?
Press: ? - help, Dir - move target As you slowly read the scroll of blinking, it crumbles to dust.
The black draconian knight is engulfed in poison gas.
The black draconian knight is poisoned.
The electric golem hurls lightning at you.
The bolt of lightning misses the black draconian knight.
The bolt of lightning hits you!!!
You die...
Fedhas appreciates your contribution to the ecosystem.

##.#.....#
#.###....##
#..... ...# ###
#.....###.... ..#
# ##.....##...#
..# #.
##.....#..#
..##.. ##.......#
#.#... #......##
#..... ##.....##
##..... ####
#....@.# #......
#..### #^..#..##
##..##..
##...###..###..##
##..## ##...#..##
#...## ##...#
##.....#
##...###d..##
#....##
#...q☼°○..#
#...##
##...9☼☼.## #...#
##..°q.## #...#
##...##


You could see an electric golem, a green draconian monk (catching breath) and a
black draconian knight (fast, invisible, poisoned, catching breath).

Vanquished Creatures
  3 dread liches
  2 ancient liches
  Sojobo (Crypt:1)
  A Killer Klown (Zot:1)
  Saint Roka (Elf:3)
  A caustic shrike (shapeshifter) (Vaults:5)
  Nikola (Elf:3)
  Jory (Crypt:1)
  5 golden dragons
  2 bone dragons
  A Tzitzimitl (Depths:3)
  The ghost of AgateBread the Warrior, an adept DsGl of Jiyva (Elf:3)
  8 tentacled monstrosities
  A walking earthen tome (Depths:2)
  Zenata (Vaults:3)
  4 deep elf blademasters
  8 liches
  4 quicksilver dragons
  Asterion (Vaults:1)
  4 titans
  A deep elf master archer (Elf:3)
  7 sphinxes
  9 ancient champions
  Frances (Lair:3)
  A kraken (Swamp:1)
  4 death cobs
  12 shadow dragons
  Agnes (Snake:2)
  11 tengu reavers
  A revenant (Crypt:3)
  10 storm dragons
  4 fire giants
  A draconian monk (Zot:1)
  2 nagarajas (Snake:4)
  8 frost giants
  2 fenstrider witches (Swamp:4)
  8 deep elf sorcerers
  18 vault wardens
  3 draconian scorchers
  Aizul (Crypt:1)
  An iron dragon (Vaults:5)
  9 deep elf elementalists (Elf:3)
  2 spriggan defenders
  3 draconian shifters
  A ghost moth (shapeshifter) (Vaults:5)
  Louise (Elf:1)
  An orc warlord (Vaults:3)
  23 ironbound preservers
  2 draconian stormcallers
  2 curse skulls (Crypt:2)
  10 very ugly things
  5 draconian annihilators
  6 war gargoyles
  9 vampire knights
  13 stone giants
  A juggernaut skeleton (Crypt:1)
  2 eleionomae (Swamp:2)
  14 ironbound thunderhulks
  6 green draconians
  4 white draconians
  4 yellow draconians
  4 deep elf demonologists
  10 black draconians
  The ghost of zzuzz the Grappler, a journeyman TrFi of Wu Jian (Lair:2)
  15 dire elephants
  3 bunyips
  13 deep elf annihilators
  3 purple draconians (Depths:4)
  8 red draconians
  7 deep elf death magi
  2 quicksilver dragon zombies
  11 jiangshi
  4 eidola
  13 ettins
  5 fire dragons
  6 great orbs of eyes
  Josephine (Orc:2)
  A crystal guardian (Vaults:3)
  2 spriggan zombies (Crypt:1)
  4 rakshasas
  7 salamander tyrants (Snake:4)
  The ghost of Zeor the Skirmisher, a journeyman MiHu of the Shining One (D:11)
  An entropy weaver (shapeshifter) (Depths:2)
  19 hydras
  14 yaktaur captains
  8 deep elf high priests
  3 entropy weavers
  3 peacekeepers
  8 ice dragons
  4 spriggan air magi
  33 vault guards
  18 centaur warriors
  4 ogre magi
  A bennu zombie (Crypt:2)
  5 boulder beetles
  10 alligators
  20 anacondas
  A ghost crab (Swamp:2)
  27 dancing weapons
  6 ironbound frosthearts
  A merfolk avatar (Lair:5)
  A radroach (shapeshifter) (Vaults:5)
  A two-headed ogre (D:9)
  16 naga warriors
  3 deep troll earth magi
  6 tengu warriors
  6 deep troll shamans
  9 vampire magi
  7 shock serpents
  6 death yaks (Lair:2)
  13 naga sharpshooters
  2 orc high priests
  A shock serpent (shapeshifter) (D:15)
  5 spriggan berserkers
  A thrashing horror (Abyss:2)
  7 hell knights
  Urug (Lair:1)
  3 iron trolls
  A sixfirhy (Abyss:2)
  5 soul eaters
  14 deep elf knights
  4 salamander mystics
  10 shadow wraiths
  26 skeletal warriors
  4 shadow demons
  4 skysharks
  A death drake (shapeshifter) (Vaults:5)
  7 goliath frogs
  2 flayed ghosts
  36 deep trolls
  3 sea snakes
  A glowing orange brain (Vaults:2)
  8 swamp dragons
  Lodul (D:11)
  2 anaconda skeletons
  4 bog bodies
  A goliath frog (shapeshifter) (D:9)
  16 phantasmal warriors
  3 naga ritualists (Snake:4)
  2 spriggan druids
  3 lindwurms (Vaults:2)
  Pikel (D:9)
  An orange crystal statue (Depths:1)
  10 deep elf archers
  13 wizards
  5 harpies
  26 deep elf pyromancers
  26 ironbound convokers
  26 deep elf zephyrmancers
  5 mana vipers
  4 orc knights
  A goliath frog zombie (Crypt:2)
  4 orc sorcerers
  35 ugly things
  2 stone giant zombies (Crypt:1)
  4 will-o-the-wisps
  A fire giant zombie (Crypt:3)
  9 necromancers
  12 moths of wrath
  An iron dragon zombie (Crypt:1)
  6 cyclopes
  5 elephants (Lair:4)
  An eleionoma skeleton (Crypt:1)
  2 stone giant skeletons (Crypt:1)
  A manticore (shapeshifter) (Vaults:5)
  3 manticores
  23 salamanders
  A dire elephant zombie (Crypt:1)
  5 guardian serpents
  31 black mambas
  A rust devil (Abyss:2)
  A smoke demon (Abyss:2)
  8 naga magi
  A fire giant skeleton (Vaults:4)
  Maggie (D:9)
  Joseph (D:9)
  13 cane toads
  21 vault sentinels
  An orange demon (Depths:2)
  3 gargoyles
  A cane toad (shapeshifter) (Vaults:5)
  A naga skeleton (Crypt:1)
  4 unseen horrors
  Psyche (D:9)
  2 efreet
  2 freezing wraiths
  10 komodo dragons
  24 yaktaurs
  2 rime drakes (Lair:1)
  2 kobold demonologists
  An ancient zyme (Abyss:2)
  3 tengu conjurers
  A yaktaur skeleton (Vaults:4)
  2 guardian mummies
  A red devil (Depths:1)
  A merfolk (shapeshifter) (D:9)
  3 wind drakes (Lair:5)
  14 hornets
  3 polar bears
  7 trolls
  11 tyrant leeches
  A blink frog (shapeshifter) (Depths:4)
  2 fire dragon zombies (Crypt:3)
  A radroach zombie (Crypt:3)
  An ettin zombie (Crypt:1)
  22 dream sheep
  10 blink frogs
  2 snapping turtles
  Sigmund (D:4)
  33 slime creatures
  A centaur simulacrum (D:14)
  A jumping spider (Vaults:4)
  A flying skull (Crypt:2)
  4 large abominations (Abyss:2)
  2 ettin skeletons
  10 wyverns
  10 spriggans
  2 shadows
  2 culicivoras (Vaults:1)
  7 water elementals
  4 basilisks
  11 starcursed masses (Abyss:2)
  10 wraiths
  6 fire elementals
  An air elemental (Elf:2)
  32 yaks
  Eustachio (D:4)
  A chaos spawn (Depths:2)
  A redback (Vaults:4)
  11 vampire mosquitoes
  2 neqoxecs
  A death yak simulacrum (D:12)
  A black mamba skeleton (Crypt:1)
  A steam dragon (D:5)
  Menkaure (D:5)
  49 nagas
  An acid dragon (D:8)
  3 wargs
  11 swamp worms
  12 water moccasins
  2 two-headed ogre zombies
  A hell hound (Abyss:2)
  A demonspawn skeleton (Crypt:1)
  2 deep troll skeletons
  An ice beast (shapeshifter) (Vaults:5)
  4 human zombies
  An ice beast (D:8)
  7 swamp drakes
  43 orc warriors
  4 black bears
  2 boggarts (Depths:1)
  13 ogres
  An ogre (shapeshifter) (D:11)
  15 centaurs
  A phantom (D:3)
  24 wolves
  An elf zombie (Crypt:2)
  3 kobold brigands
  10 bullfrogs
  An earth elemental (Elf:3)
  3 gnoll sergeants
  A cane toad simulacrum (D:12)
  3 scorpions
  A two-headed ogre simulacrum (D:12)
  A komodo dragon skeleton (Crypt:2)
  2 small abominations (Abyss:2)
  A troll zombie (Crypt:2)
  A raiju zombie (Crypt:3)
  21 killer bees
  5 howler monkeys
  A howler monkey (shapeshifter) (Vaults:5)
  A spriggan skeleton (Crypt:1)
  5 electric eels
  A lava snake (D:15)
  9 hounds
  2 wolf skeletons
  A gnoll bouda (D:8)
  18 orc priests
  A jelly (D:5)
  A sleepcap (D:4)
  3 human skeletons (Crypt:1)
  3 iguanas
  19 orc wizards
  2 polar bear simulacra (D:12)
  A wolf simulacrum (D:12)
  15 mummies
  7 adders
  14 gnolls
  3 naga simulacra
  A white imp (D:5)
  An adder skeleton (Crypt:1)
  A lava snake skeleton (Crypt:1)
  4 worms
  3 dart slugs
  91 orcs
  6 ball pythons
  5 bats
  5 endoplasms
  A giant cockroach (D:4)
  4 hobgoblins
  3 jackals (D:3)
  5 quokkas
  A ball python skeleton (Crypt:3)
  A dart slug zombie (Crypt:2)
  5 frilled lizards
  5 goblins
  14 kobolds
  5 rats
  3 tentacles (Swamp:1)
1959 creatures vanquished.

Vanquished Creatures (collateral kills)
  Bai Suzhen (Snake:4)
  A bunyip (Swamp:1)
  The ghost of Kubamp the Thaumaturge, a journeyman DEAE of Sif Muna (Lair:3)
  An ettin (D:14)
  A deep elf high priest (Vaults:3)
  3 vault guards (Vaults:4)
  A dancing weapon (Lair:3)
  A human zombie (Vaults:4)
  A swamp worm (Swamp:1)
  14 ballistomycete spores
25 creatures vanquished.

Vanquished Creatures (others)
  3 thorn hunters (Swamp:4)
  2 fire giants
  2 eleionomae
  A bunyip (Swamp:4)
  2 shambling mangroves (Swamp:4)
  2 hydras (Swamp:4)
  A deep elf knight (Elf:1)
  A salamander mystic (Snake:4)
  A swamp dragon (Swamp:4)
  A wizard (Vaults:4)
  2 deep elf archers (Elf:3)
  2 bog bodies (Swamp:4)
  A deep elf zephyrmancer (Elf:3)
  A salamander (Snake:4)
  A naga mage (Snake:4)
  3 bloated husks
  2 hornets (Swamp:4)
  A spriggan (Swamp:4)
  A swamp drake (Swamp:4)
  An orc wizard (D:9)
  An orc (D:9)
  2 ballistomycete spores (Orc:2)
  20 foxfires
  13 tentacles (Swamp:1)
67 creatures vanquished.

Grand Total: 2051 creatures vanquished

Notes
Turn   | Place    | Note
-------+----------+-------------------------------------------
     0 | D:1      | cdecastro the Armataur Warper began the quest for the Orb.
     0 | D:1      | Reached XP level 1. HP: 18/18 MP: 3/3
   252 | D:1      | Reached XP level 2. HP: 22/25 MP: 4/4
   754 | D:2      | Reached XP level 3. HP: 31/31 MP: 5/5
   817 | D:2      | Found an ancient bone altar of Kikubaaqudgha.
  1345 | D:2      | You fall into a shaft and drop 1 floor!
  1476 | D:3      | Reached XP level 4. HP: 38/38 MP: 6/6
  2765 | D:4      | Noticed Sigmund
  2872 | D:4      | Reached XP level 5. HP: 39/43 MP: 7/7
  2928 | D:4      | Identified the ring "Luingu" {Will+ EV+5 Dex+3}
  2972 | D:4      | Reached skill level 5 in Maces & Flails
  3018 | D:4      | Noticed a phantom
  3062 | D:3      | Killed a phantom
  3117 | D:4      | Found the +1 cloak of Starlight {*Dazzle EV+4 Stlth--}
  3140 | D:4      | Noticed Eustachio
  3414 | D:4      | Reached XP level 6. HP: 51/51 MP: 8/8
  3521 | D:4      | Killed Sigmund
  3627 | D:4      | Killed Eustachio
  3628 | D:4      | Reached XP level 7. HP: 48/59 MP: 9/9
  3748 | D:5      | Entered Level 5 of the Dungeon
  3963 | D:5      | Noticed Menkaure
  4068 | D:5      | Killed Menkaure
  4223 | D:4      | Reached skill level 5 in Fighting
  4377 | D:5      | Reached XP level 8. HP: 66/73 MP: 10/10
  5358 | D:6      | Identified the +0 scale mail "Ylasazyb" {rElec rF+ Stlth+}
  5826 | D:6      | Found a staircase to the Ecumenical Temple.
  5977 | Temple   | Entered the Ecumenical Temple
  5992 | Temple   | Became a worshipper of Fedhas Madash
  6029 | D:6      | Reached XP level 9. HP: 74/84 MP: 11/11
  6800 | D:7      | Reached skill level 10 in Maces & Flails
  6987 | D:7      | Found a sacrificial altar of Ru.
  7150 | D:7      | Reached * piety under Fedhas
  7223 | D:7      | Found a glowing silver altar of Zin.
  8083 | D:8      | Found a white marble altar of Elyvilon.
  8128 | D:8      | Found an ornate altar of the Wu Jian Council.
  8883 | D:9      | Noticed Psyche
  8907 | D:9      | Found a staircase to the Orcish Mines.
  8918 | D:9      | Reached XP level 10. HP: 92/92 MP: 12/12
  9213 | D:9      | Killed Psyche
  9262 | D:9      | Noticed Maggie
  9299 | D:9      | Killed Maggie
  9433 | D:9      | Noticed Joseph
  9450 | D:9      | Killed Joseph
  9557 | D:9      | Noticed a fire crab
  9690 | D:9      | Noticed a mana viper
 10043 | D:9      | Reached ** piety under Fedhas
 10104 | D:9      | Found a staircase to the Lair.
 10383 | D:9      | Noticed Pikel
 10406 | D:9      | Killed Pikel
 10419 | D:9      | Noticed a two-headed ogre
 10430 | D:9      | Killed a two-headed ogre
 10516 | D:9      | Noticed an orb spider
 10760 | D:9      | Found a radiant altar of Vehumet.
 10760 | D:9      | Found a bloodstained altar of Trog.
 10761 | D:9      | Found a snail-covered altar of Cheibriados.
 10913 | D:9      | Noticed a fire crab
 10952 | D:10     | Entered Level 10 of the Dungeon
 11032 | D:10     | Reached skill level 1 in Invocations
 11032 | D:10     | Reached XP level 11. HP: 75/98 MP: 13/13
 11255 | D:10     | Noticed a boulder beetle
 11272 | D:10     | Killed a boulder beetle
 11579 | D:10     | Found Pyuziar's Armour Emporium.
 11803 | D:10     | Found a glowing golden altar of the Shining One.
 12340 | D:10     | Reached *** piety under Fedhas
 12915 | D:11     | Reached skill level 15 in Maces & Flails
 13172 | D:11     | Identified the +1 sling "Kout" {elec, Fly rPois rF+}
 13212 | D:11     | Noticed a boulder beetle
 13226 | D:11     | Killed a boulder beetle
 13781 | D:11     | Noticed Lodul
 13798 | D:11     | Killed Lodul
 13869 | D:11     | Noticed a boulder beetle
 13904 | D:11     | Killed a boulder beetle
 14044 | D:11     | Found an iron altar of Okawaru.
 14047 | D:11     | Found a shimmering altar of Xom.
 14047 | D:11     | Found an ancient bone altar of Kikubaaqudgha.
 14049 | D:11     | Found a hide-covered altar of Uskayaw.
 14049 | D:11     | Found a hide-covered altar of Uskayaw.
 14049 | D:11     | Found a sparkling altar of Nemelex Xobeh.
 14111 | D:11     | Found a runed translucent gate.
 14111 | D:11     | Noticed Zeor's ghost (journeyman MiHu)
 14112 | D:11     | Found a runed translucent gate.
 14114 | D:11     | Found a runed translucent gate.
 14129 | D:11     | Identified the +12 plate armour "Migoj" {rC+ Int-4 Slay+2
                  | SInv}
 14392 | D:12     | Reached XP level 12. HP: 108/108 MP: 14/14
 14396 | D:12     | Identified a scroll of acquirement
 14397 | D:12     | Acquired the ring of Ilunalu {rElec rPois rC+}
 14519 | D:12     | Reached **** piety under Fedhas
 14970 | D:12     | Found a frozen archway.
 15214 | D:12     | Noticed a tengu warrior
 15285 | Lair:1   | Entered Level 1 of the Lair of Beasts
 15421 | Lair:1   | Noticed Urug
 15436 | Lair:1   | Killed Urug
 15555 | Lair:1   | Reached ***** piety under Fedhas
 15556 | Lair:1   | Reached skill level 10 in Fighting
 15798 | Lair:1   | Reached skill level 5 in Invocations
 16121 | Lair:1   | Found a shimmering altar of Xom.
 17397 | Lair:2   | Found a transporter.
 17409 | Lair:2   | Noticed zzuzz's ghost (journeyman TrFi)
 17421 | Lair:2   | Found a transporter.
 17742 | Lair:3   | Noticed a death yak
 17742 | Lair:3   | Noticed a death yak
 17742 | Lair:3   | Noticed a death yak
 17742 | Lair:3   | Noticed a death yak
 17742 | Lair:3   | Noticed a death yak
 17743 | Lair:3   | Noticed a death yak
 17755 | Lair:2   | Killed a death yak
 17828 | Lair:2   | Reached XP level 13. HP: 49/120 MP: 10/19
 18229 | Lair:3   | You fall into a shaft and drop 2 floors!
 18229 | Lair:5   | Entered Level 5 of the Lair of Beasts
 18796 | Lair:3   | Reached skill level 10 in Invocations
 18802 | Lair:3   | Found a runed translucent door.
 18802 | Lair:3   | Found a shimmering altar of Xom.
 18802 | Lair:3   | Noticed Kubamp's ghost (journeyman DEAE)
 18806 | Lair:3   | Found a staircase to the Swamp.
 18808 | Lair:3   | Identified the +1 robe "Kiwnaewk" {rElec Will+ Stlth+}
 18821 | Lair:3   | Found a staircase to the Snake Pit.
 21772 | Lair:4   | HP: 6/120 [komodo dragon (23)]
 22127 | Lair:5   | Paralysed by a hornet for 1 turns
 22482 | Lair:4   | Reached ****** piety under Fedhas
 22505 | Lair:4   | HP: 2/120 [seven-headed hydra (12)]
 23822 | Lair:4   | Reached skill level 5 in Armour
 24480 | Lair:5   | Found a viscous altar of Jiyva.
 24481 | Lair:5   | Found a staircase to the Slime Pits.
 24504 | Lair:5   | Reached XP level 14. HP: 53/129 MP: 23/23
 26779 | D:12     | Reached skill level 10 in Armour
 26903 | D:12     | Reached skill level 1 in Throwing
 27239 | D:13     | Found Povur's Assorted Antiques.
 27247 | D:13     | Bought a potion of cancellation for 216 gold pieces
 27247 | D:13     | Bought a potion of berserk rage for 135 gold pieces
 27543 | D:13     | Found a gate to the Vaults.
 28165 | D:14     | Reached skill level 5 in Throwing
 29078 | D:15     | Entered Level 15 of the Dungeon
 29637 | D:15     | Found a staircase to the Depths.
 30361 | D:11     | Killed Zeor's ghost
 30702 | Orc:1    | Entered Level 1 of the Orcish Mines
 30724 | D:9      | Reached skill level 1 in Evocations
 31446 | Orc:2    | Entered Level 2 of the Orcish Mines
 31821 | Orc:2    | Found a staircase to the Elven Halls.
 31897 | Orc:2    | Reached XP level 15. HP: 134/134 MP: 24/24
 32144 | Orc:2    | Noticed Josephine
 32186 | Orc:2    | Reached skill level 5 in Evocations
 32192 | Orc:2    | Killed Josephine
 32482 | Orc:2    | Found Isousk's Assorted Antiques.
 32482 | Orc:2    | Found Muecu's Distillery.
 32484 | Orc:2    | Found Per Ora's Armour Boutique.
 32486 | Orc:2    | Found Ageysch's Magic Scroll Shoppe.
 32504 | Orc:2    | Bought the +5 pair of gloves of the Maze {rPois rN++ Int-3
                  | Dex+3} for 870 gold pieces
 32518 | Orc:2    | Bought a potion of haste for 270 gold pieces
 32520 | Orc:2    | Bought a scroll of blinking for 97 gold pieces
 32520 | Orc:2    | Bought a scroll of fog for 52 gold pieces
 32523 | Orc:2    | Bought a potion of heal wounds for 80 gold pieces
 32523 | Orc:2    | Bought a potion of berserk rage for 80 gold pieces
 32523 | Orc:2    | Bought a potion of invisibility for 128 gold pieces
 32732 | Snake:1  | Entered Level 1 of the Snake Pit
 32735 | Snake:1  | Noticed Frances
 33338 | Lair:3   | Killed Frances
 34454 | Snake:1  | Found a basalt altar of Yredelemnul.
 35237 | Snake:2  | Reached skill level 10 in Evocations
 35237 | Snake:2  | Noticed Agnes
 35293 | Snake:2  | Killed Agnes
 35850 | Snake:2  | Found a transporter.
 35857 | Snake:2  | Found a transporter.
 35934 | Snake:2  | Reached skill level 10 in Throwing
 36224 | Snake:2  | Found a transporter.
 36224 | Snake:2  | Found a transporter.
 36228 | Snake:2  | Found a transporter.
 36228 | Snake:2  | Found a transporter.
 36355 | Snake:2  | Reached XP level 16. HP: 143/143 MP: 25/25
 36663 | Snake:2  | Found a radiant altar of Vehumet.
 37145 | Snake:3  | Reached skill level 1 in Stealth
 37483 | Snake:3  | Reached XP level 17. HP: 154/154 MP: 26/26
 37483 | Snake:3  | Reached XP level 18. HP: 161/161 MP: 27/27
 37921 | Snake:3  | Gained mutation: Your body sometimes deteriorates upon
                  | taking damage. [potion of mutation]
 37921 | Snake:3  | Gained mutation: Your spells are a little harder to cast,
                  | but a little more powerful. [potion of mutation]
 37921 | Snake:3  | Gained mutation: You have hidden genetic potential. [potion
                  | of mutation]
 37921 | Snake:3  | Gained mutation: You have very sharp teeth. [potion of
                  | mutation]
 37921 | Snake:3  | Gained mutation: You have great hidden genetic potential.
                  | [potion of mutation]
 37921 | Snake:3  | Gained mutation: You are covered in fur. (AC +1) [potion of
                  | mutation]
 38102 | Snake:4  | Entered Level 4 of the Snake Pit
 38102 | Snake:4  | Noticed Bai Suzhen
 38520 | Snake:4  | Killed Bai Suzhen
 41003 | Snake:4  | Found Wusivvic's Book Shop.
 41057 | Snake:4  | Reached skill level 15 in Armour
 42104 | Snake:4  | Got a serpentine rune of Zot
 42859 | Lair:2   | Killed zzuzz's ghost
 42868 | Lair:2   | Identified the +1 pair of boots "Wioroshi" {Str+3 Int-3}
 42992 | Lair:3   | Killed Kubamp's ghost
 43040 | Swamp:1  | Entered Level 1 of the Swamp
 43147 | Swamp:1  | Noticed a tentacled monstrosity
 43254 | Lair:3   | Killed a tentacled monstrosity
 43509 | Swamp:1  | Reached XP level 19. HP: 128/177 MP: 28/28
 44501 | Swamp:2  | Gained mutation: Your muscles are strong. (Str +4, Int/Dex
                  | -1) [hidden potential]
 45506 | Swamp:3  | Reached skill level 15 in Fighting
 46173 | Swamp:4  | Entered Level 4 of the Swamp
 47112 | Swamp:4  | Got a decaying rune of Zot
 47765 | Elf:1    | Entered Level 1 of the Elven Halls
 47765 | Elf:1    | Found a runed translucent gate.
 47765 | Elf:1    | Found a runed translucent gate.
 47765 | Elf:1    | Found a runed translucent gate.
 47765 | Elf:1    | Found a runed translucent gate.
 47765 | Elf:1    | Found a runed translucent gate.
 47765 | Elf:1    | Found a runed translucent gate.
 47766 | Elf:1    | Found a runed translucent door.
 47846 | Elf:1    | Found a runed translucent door.
 47946 | Elf:1    | Found Qusos's Antique Armour Shoppe.
 47946 | Elf:1    | Found Inlaefu's Magic Scroll Emporium.
 47950 | Elf:1    | Found Fidomuos's Magic Scroll Shoppe.
 47954 | Elf:1    | Bought a glowing helmet for 292 gold pieces
 48573 | Elf:1    | Noticed Louise
 48588 | Elf:1    | Killed Louise
 50374 | Elf:1    | Found a radiant altar of Vehumet.
 50464 | Elf:2    | Found a runed translucent gate.
 50464 | Elf:2    | Found a runed translucent gate.
 50474 | Elf:2    | Found a runed translucent gate.
 50520 | Elf:2    | Reached XP level 20. HP: 121/190 MP: 29/29
 51300 | Elf:2    | Gained mutation: Your system is resistant to poisons.
                  | (rPois) [hidden potential]
 51300 | Elf:2    | Lost mutation: You have great hidden genetic potential.
                  | [hidden potential expressed]
 51638 | Depths:1 | Entered Level 1 of the Depths
 52137 | Depths:1 | Found a gateway to Hell.
 52280 | Depths:1 | Reached skill level 10 in Stealth
 52768 | Depths:1 | Identified the +7 spear "Joczash" {spect, Will+ Str+4
                  | Dex-3}
 53259 | Depths:2 | Identified the ring "Sucwoy" {rPois rC+++ Will- Str-3
                  | Dex+6}
 53358 | Depths:2 | Found a one-way gate to the infinite horrors of the Abyss.
 53375 | Depths:2 | Found a one-way gate leading to the halls of Pandemonium.
 53636 | Depths:2 | Found a one-way gateway to a ziggurat.
 54512 | Depths:3 | You fall into a shaft and drop 1 floor!
 54512 | Depths:4 | Entered Level 4 of the Depths
 54512 | Depths:4 | Noticed a bone dragon
 54551 | Depths:4 | Killed a bone dragon
 54713 | Depths:4 | Found a blossoming altar of Fedhas.
 55495 | Depths:4 | Found a sacrificial altar of Ru.
 55563 | Depths:3 | Reached XP level 21. HP: 167/196 MP: 30/30
 55588 | Depths:3 | Reached skill level 15 in Throwing
 56321 | Elf:1    | Bought a scroll of enchant weapon for 135 gold pieces
 56321 | Elf:1    | Bought a scroll of brand weapon for 171 gold pieces
 57107 | Depths:3 | Reached skill level 1 in Shields
 57170 | Depths:3 | Gained mutation: You have a pair of small antennae on your
                  | head. [hidden potential]
 57564 | Depths:3 | Found a radiant altar of Vehumet.
 57751 | Depths:3 | Reached skill level 5 in Shields
 57854 | Depths:3 | Found a shadowy altar of Dithmenos.
 57854 | Depths:3 | Found the +5 robe of Night {Dark Will+ SInv}
 57883 | Depths:3 | Identified the +0 cloak of Qazlal, Brewing {+Inv, Rampage
                  | rC+ Dex-2}
 58177 | Depths:3 | Found Kaiq's Self-Improvement Boutique.
 58358 | Depths:4 | Found a gate to the Realm of Zot.
 58698 | Vaults:1 | Entered Level 1 of the Vaults
 59107 | Vaults:1 | Found Toylao's Distillery.
 59501 | Vaults:1 | Reached skill level 10 in Shields
 60378 | Vaults:1 | Noticed Asterion
 60393 | Vaults:1 | Killed Asterion
 61360 | Vaults:2 | Reached XP level 22. HP: 206/206 MP: 31/31
 61666 | Vaults:2 | Gained mutation: You have great hidden genetic potential.
                  | [hidden potential]
 61666 | Vaults:2 | Lost mutation: You have great hidden genetic potential.
                  | [hidden potential expressed]
 62293 | Vaults:2 | Found Loogusuz's Magic Scroll Shop.
 63057 | Vaults:3 | Found a staircase to the Crypt.
 63057 | Vaults:3 | Found a basalt altar of Yredelemnul.
 63058 | Vaults:3 | Found an ancient bone altar of Kikubaaqudgha.
 63293 | Vaults:3 | Noticed Zenata
 63392 | Abyss:2  | Cast into level 2 of the Abyss (a wizard)
 63565 | Abyss:2  | Found a corrupted altar of Lugonu.
 63674 | Abyss:2  | Found a corrupted altar of Lugonu.
 63698 | Abyss:2  | Found a corrupted altar of Lugonu.
 63769 | Vaults:3 | Escaped the Abyss
 64079 | Vaults:3 | Killed Zenata
 65511 | Vaults:4 | Reached XP level 23. HP: 170/225 MP: 32/32
 65984 | Elf:3    | Entered Level 3 of the Elven Halls
 66233 | Elf:3    | Found a flickering gateway to a bazaar.
 66235 | Elf:3    | Gained mutation: You have an increased reservoir of magic.
                  | (+10% MP) [hidden potential]
 66266 | Bazaar   | Entered a bazaar
 66266 | Bazaar   | Found Reher's Antique Weapon Shoppe.
 66266 | Bazaar   | Found Hosu's Book Shoppe.
 66302 | Bazaar   | Found Qion's Magic Scroll Emporium.
 66302 | Bazaar   | Found Eveon's Antique Armour Emporium.
 66321 | Bazaar   | Found Bicoesec's General Store.
 66346 | Bazaar   | Bought a scroll of teleportation for 27 gold pieces
 66346 | Bazaar   | Bought a scroll of immolation for 36 gold pieces
 66346 | Bazaar   | Bought a scroll of enchant weapon for 67 gold pieces
 66346 | Bazaar   | Bought a scroll of amnesia for 36 gold pieces
 66346 | Bazaar   | Bought a scroll of fog for 36 gold pieces
 66346 | Bazaar   | Bought a scroll of immolation for 36 gold pieces
 66588 | Elf:3    | Noticed Nikola
 66608 | Elf:3    | Killed Nikola
 66720 | Elf:3    | Found a large runed translucent door.
 66720 | Elf:3    | Found a large runed translucent door.
 66721 | Elf:3    | Noticed AgateBread's ghost (adept DsGl)
 66795 | Elf:3    | Killed AgateBread's ghost
 67044 | Elf:3    | Identified the +8 broad axe "Demonslayer" {protect, rN+
                  | Str+2 Int+3}
 67044 | Elf:3    | Identified the ring of the Shrinking Enemy {rF+ rCorr Str+5
                  | Int-3 Dex+2}
 67312 | Elf:3    | Noticed Saint Roka
 67328 | Elf:3    | Killed Saint Roka
 67528 | Elf:3    | Identified the +9 plate armour of Qaown {rElec Regen+}
 67607 | Elf:3    | Identified the +4 morningstar of True Grit {freeze, *Slow
                  | Str+3 Int+2}
 67682 | Elf:3    | Identified the staff of fire "Coarets" {rF+ Str+4}
 67731 | Elf:3    | Got Qymutson's Tome of Oromancy and the Dose
 67732 | Elf:3    | Identified the staff of poison "Vamorgh" {Fly rPois}
 67735 | Elf:3    | Identified the +1 halberd of Earthquakes {spect, Str+4
                  | Int+3}
 67760 | Elf:3    | Identified the +0 chain mail "Besitigi" {Int+7}
 68233 | Crypt:1  | Entered Level 1 of the Crypt
 68544 | Crypt:1  | Noticed Jory
 68568 | Crypt:1  | Killed Jory
 68823 | Crypt:1  | Noticed Aizul
 68843 | Crypt:1  | Killed Aizul
 68926 | Crypt:1  | Noticed Sojobo
 69067 | Crypt:1  | Killed Sojobo
 70188 | Crypt:3  | Entered Level 3 of the Crypt
 70342 | Crypt:3  | Reached XP level 24. HP: 197/239 MP: 36/36
 70948 | Crypt:3  | Gained mutation: You have a somewhat thin skeletal
                  | structure. (Dex +2, Stealth+) [hidden potential]
 70948 | Crypt:3  | Lost mutation: You have hidden genetic potential. [hidden
                  | potential expressed]
 70996 | Crypt:3  | Found the +8 Vampire's Tooth {megavamp}
 71072 | Crypt:3  | Noticed an ancient lich
 71167 | Crypt:3  | Found a staircase to the Tomb.
 71326 | Crypt:3  | Noticed a dread lich
 71340 | Crypt:3  | Killed a dread lich
 71772 | Crypt:3  | Noticed a dread lich
 71860 | Crypt:3  | Killed a dread lich
 71931 | Crypt:3  | Identified the ring "Misaah" {rN+ Int+3}
 71931 | Crypt:3  | Identified the ring "Saetukos" {rF+ rN+ Int+2 Dex+2}
 71941 | Crypt:3  | Identified the ring of Rationality {Fly rC+ MP+9}
 71960 | Crypt:3  | Killed an ancient lich
 72381 | Vaults:5 | Entered Level 5 of the Vaults
 72480 | Vaults:5 | Identified the +4 trident "Xoacriu" {freeze, Str+3}
 72580 | Vaults:5 | Noticed an ancient lich
 72596 | Vaults:5 | Killed an ancient lich
 72811 | Vaults:5 | Noticed a dread lich
 72826 | Vaults:5 | Killed a dread lich
 72907 | Vaults:5 | Reached skill level 15 in Invocations
 73074 | Vaults:5 | Identified the +7 morningstar "Seann" {flame, rElec rPois
                  | rN++ Int-3}
 73074 | Vaults:5 | Identified the ring "Qoesion" {rN+ Str+6 Dex+5}
 73149 | Vaults:5 | Identified the +3 plate armour of Jusei {rC+ Will- SInv}
 73259 | Vaults:5 | Identified the staff of air "Qatoux" {rElec rF+}
 73589 | Vaults:5 | Reached XP level 25. HP: 247/247 MP: 37/37
 73628 | Vaults:5 | Got the Grimoire of Conflict and Anemomancy
 73901 | Vaults:5 | Identified the +3 falchion of the Last Loafs {pain, Dex+5
                  | Stlth+}
 73903 | Vaults:5 | Identified the ring of Zenomeor {Will+ Dex+6}
 74147 | Vaults:5 | Found the +2 cloak of the Thief {*Fog Slay-2 SInv Stlth+}
 74304 | Vaults:5 | Identified the staff of conjuration "Duwn" {rF+ Stlth+}
 74312 | Vaults:5 | Identified the staff of air "Viodaopt" {rElec Int+4}
 74616 | Vaults:5 | Identified the staff of conjuration "Saobume" {Int+3}
 74619 | Vaults:5 | Got a silver rune of Zot
 74674 | Vaults:5 | Learned a level 2 spell: Blink
 74679 | Vaults:5 | Learned a level 4 spell: Manifold Assault
 74684 | Vaults:5 | Learned a level 4 spell: Passage of Golubria
 74691 | Vaults:5 | Learned a level 6 spell: Dispersal
 74939 | Zot:1    | Entered Level 1 of the Realm of Zot
 75168 | Depths:4 | Reached skill level 15 in Evocations
 75518 | Zot:1    | Found a runed translucent door.
 75519 | Zot:1    | Found a shimmering altar of Xom.
 75519 | Zot:1    | Noticed Pongem's ghost (legendary MiAK)
 75567 | Zot:1    | Reached skill level 5 in Translocations
 76001 | Zot:2    | Noticed a Killer Klown
 76026 | Zot:1    | Killed a Killer Klown
 77332 | Zot:3    | Reached skill level 10 in Translocations
 77405 | Zot:3    | Found a large runed translucent door.
 77406 | Zot:3    | Found a large runed translucent door.
 77825 | Zot:3    | Killed from afar by an electric golem

Illustrated notes

Levels and vault maps discovered:
D:1:      roderic_chinese_lattice_arrival, layout_basic
D:2:      layout_loops_ring, basic_altar
D:3:      layout_loops_corners, amethyst_killhole
D:4:      layout_basic, serial_curves, eino_curves_02, eino_curves_03,
          minmay_bent, uniq_sigmund, uniq_eustachio
D:5:      layout_basic, uniq_menkaure
D:6:      layout_gridville, minmay_temple_entry_tees, minmay_diced_spiral
D:7:      layout_loops_ring, hangedman_feature_mirror, serial_bayou_ford_a,
          kennysheep_nondescript, minivault_1
D:8:      layout_loops_ring, mainiacjoe_overflow_alcove_1,
          nicolae_overflow_crystal_walls
D:9:      layout_basic, minitemple, erik_lair_island, orc_0_dummy, wad_dig_loot,
          uniq_pikel, uniq_psyche, uniq_maggie, uniq_joseph
D:10:     layout_stronghold, tso_oasis_becter, serial_shops,
          nicolae_stop_n_shop_2
D:11:     minmay_distorted_concentric_squares, layout_loops_corners,
          biasface_ghost_orc_armoury, minivault_14, doesnt_xom_only_xom,
          uniq_lodul
D:12:     layout_basic, portal_ice_cave_entry_ice_simulacra
D:13:     layout_loops_ring, erik_vaults_1, serial_shops, shop
D:14:     layout_basic, serial_bayou_lagoon_a
D:15:     hangedman_depths_entry_civil_slaughter, layout_cave_pools,
          kennysheep_flooded_box
Temple:   nicolae_temple_slightly_damp_pantheon
Lair:1:   wad_woods_stonehenge, layout_regular_city, grunt_megastairs_5,
          uniq_urug
Lair:2:   layout_gridlike, gammafunk_ghost_berserking_beasts,
          infiniplex_staircase_pool_2
Lair:3:   layout_misc_corridors, swamp_mist, minmay_snake_entry_guardpost_small,
          ebering_ghost_xom, st_stairs_3
Lair:4:   layout_regular_city
Lair:5:   gammafunk_lair_ancient_temple, layout_misc_corridors, slime_entry_1,
          wad_woods_06, serial_bayou_shore_b
Swamp:1:  layout_basic_swamp, evilmike_swamp_ruin_house_1, swamp_pool1,
          nicolae_swamp_thats_no_hydra
Swamp:2:  layout_basic_swamp, nicolae_swamp_decorative_isthmus
Swamp:3:  layout_basic_swamp, hangedman_swamp_ruin_hall
Swamp:4:  swamp_alternative, layout_basic_swamp, swamp_pool1
Snake:1:  layout_onion_interference, basic_altar, uniq_frances
Snake:2:  minmay_snake_river, layout_basic, basic_altar, serial_nicolae_subway,
          nicolae_sub_station_stone, nicolae_sub_station_metal,
          nicolae_sub_station_crystal, uniq_agnes
Snake:3:  layout_gridlike, serial_corexii_hall, corexii_hall_statues_deadend,
          corexii_hall_statues_u
Snake:4:  grunt_snake_rune_pools, layout_cave_town, serial_shops, shop,
          grunt_ministairs_15, uniq_bai_suzhen
Orc:1:    layout_caves, lightli_orcish_oven
Orc:2:    st_orc_rangers, layout_diamond_mine, uniq_josephine
Elf:1:    nicolae_elf_arrival_dilemma, layout_gridlike, hangedman_elf_represent,
          nicolae_concentric_dashed_squares_mild, minmay_shop_star,
          lemuel_upstairs_altar, uniq_louise
Elf:2:    elven_hall_of_blades_hangedman_original
          [nicolae_blade_entry_pointy_end], layout_geoelf_grid
Elf:3:    minmay_elf_hall_statues, layout_loops_cross, serial_shops,
          bzr_firewalk, ebering_ghost_disaster_area, grunt_ministairs_7,
          minivault_4, st_stairs_12, uniq_saint_roka, uniq_nikola
Vaults:1: v_misc_25, st_octagons_2, nicolae_vaults_surprise_closet,
          nicolae_vaults_little_squares_6, nicolae_vaults_border_crossing,
          vaults_mumra_hex, nicolae_vaults_storage_closets_1,
          nicolae_vaults_storage_closets_2, nicolae_vaults_layer_cake_slice,
          vaults_dpeg_hooks, vaults_room_pools, v_misc_5,
          hangedman_vaults_stretched_pinwheel, layout_vaults_big_cross,
          serial_shops, shop, uniq_asterion
Vaults:2: nicolae_vaults_mitosis, vaults_standard_mumra_x,
          hangedman_vaults_variations, nicolae_vaults_closet_pinwheel_6,
          nicolae_vaults_c_with_doors, nicolae_vaults_two_Ls,
          layout_vaults_omnigrid, serial_shops, shop
Vaults:3: minmay_crypt_entry_necro_gods, hangedman_vaults_hat,
          grunt_vaults_funnel, nicolae_vaults_closet_pinwheel_3,
          vaults_mumra_chevron, v_misc_28, v_misc_3, vaults_room_fours,
          nicolae_vaults_library_corner, vaults_mumra_chevron_long,
          nicolae_vaults_little_squares_3, layout_vaults_maze_snakey,
          uniq_zenata
Vaults:4: nicolae_vaults_two_Ls, nicolae_vaults_branching_niches,
          vaults_room_grunt_arrival_ludios, v_alt_pattern_6,
          nicolae_vaults_trapezoid_lopsided_3, nicolae_vaults_surprise_closet,
          ontoclasm_vaults_loading_screen, layout_vaults_big_room
Vaults:5
Crypt:1:  layout_rooms, grunt_crypt_arrival_guarded_gate, uniq_jory,
          uniq_sojobo, uniq_aizul
Crypt:2:  layout_chaotic_city
Crypt:3:  david_glass_crypt, layout_gridlike,
          nicolae_tomb_entry_unfolded_pyramid_orthogonal
Depths:1: layout_cross, hell_entry, hangedman_decor_riveting,
          grunt_decor_junction, horrible_house_mu
Depths:2: evilmike_pillar_path, layout_gridville, enter_ziggurat_f,
          rand_demon_pan_entry_8, hell_entry, serial_rivers,
          chequers_serial_rivers_large_b, chequers_serial_rivers_micro_b,
          chequers_serial_rivers_micro_c, chequers_serial_rivers_micro_a,
          chequers_serial_rivers_small_a, abyss_entry
Depths:3: regret_index_dithmenos_brocken_genspenst, layout_cave_shapes,
          abyss_entry_crystal, nicolae_vehumet_altar_sigil,
          pf_hell_entry_tar_spiral, nicolae_shop_self_help
Depths:4: evilmike_zot_entry_basic, layout_cave_shapes,
          pf_vacation_house_of_asmodeus, nicolae_ru_path_of_blood,
          fedhas_altar_2, grunt_megastairs_2
Zot:1:    layout_onion_interference, ebering_ghost_xom
Zot:2:    layout_onion_interference, st_single_dragon_hoard_1,
          skrybe_zot_glass_3
Zot:3:    layout_cathedral_of_symmetry, ebering_ghost_disaster_area

Skill      XL: |  1  2  3  4  5  6  7  8  9 10 11 12 13 14 15 16 17 18 19 20 21 22 23 24 25 |
---------------+----------------------------------------------------------------------------+-----
Maces & Flails | 2 3 4 5 7 8 11 14 16 18 20 | 20.0
Fighting       | 2 5 7 10 11 13 15 18 20 | 20.0
Invocations    | 1 3 8 13 15 | 15.0
Armour         | 6 10 15 19 20 | 20.7
Throwing       | 8 10 11 14 16 | 16.0
Evocations     | 3 10 12 15 | 15.0
Stealth        | 6 10 | 10.0
Shields        | 12 14 | 14.4
Translocations | 10 | 10.0
Dodging        | |  1.3
Spellcasting   | |  1.7

Action                     |  1- 3 |  4- 6 |  7- 9 | 10-12 | 13-15 | 16-18 | 19-21 | 22-24 | 25-27 || total
---------------------------+-------+-------+-------+-------+-------+-------+-------+-------+-------++-------
  Melee: Mace              |   122 |   164 |       |       |       |       |       |       |       ||   286
         Tailslap          |    11 |    21 |    45 |   172 |   354 |   203 |   647 |   691 |   215 ||  2359
         Punch             |     2 |     1 |     1 |    19 |    14 |       |       |       |       ||    37
         Morningstar       |       |    23 |   359 |  1004 |   670 |       |       |       |       ||  2056
         Dire flail        |       |       |       |       |  1178 |   963 |  1870 |       |       ||  4011
         Bite              |       |       |       |       |       |   148 |   517 |   566 |   171 ||  1402
         Broad axe         |       |       |       |       |       |       |     4 |    52 |    95 ||   151
         Demon whip        |       |       |       |       |       |       |   778 |  2605 |   629 ||  4012
  Throw: Dart              |       |     4 |     2 |    24 |     8 |       |    58 |    13 |       ||   109
         Boomerang         |       |       |       |       |       |     1 |       |    13 |       ||    14
         Javelin           |       |       |       |       |       |       |     3 |     1 |       ||     4
 Invoke: Grow Ballistomyce |       |       |       |       |     2 |       |       |       |       ||     2
         Grow Oklob        |       |       |       |       |     1 |     1 |       |     2 |       ||     4
  Evoke: Wand              |       |     4 |     7 |     6 |       |       |    20 |    11 |     1 ||    49
         Phial of floods   |       |       |       |       |     1 |     1 |     1 |     3 |       ||     6
         Box of beasts     |       |       |       |       |       |     1 |     1 |       |       ||     2
         Phantom mirror    |       |       |       |       |       |     1 |       |       |       ||     1
         Lightning rod     |       |       |       |       |       |       |       |     4 |       ||     4
    Use: Scroll            |       |       |     9 |    21 |     7 |     1 |    14 |     7 |     4 ||    63
         Potion            |       |       |       |     2 |    11 |     3 |     3 |     2 |       ||    21
   Stab: Invisible         |       |       |    13 |    47 |   106 |    53 |    76 |    37 |     9 ||   341
         Distracted        |       |       |       |     1 |       |       |     1 |     2 |       ||     4
         Confused          |       |       |       |       |     1 |       |       |       |       ||     1
         Paralysed         |       |       |       |       |       |       |       |       |     4 ||     4
 Armour: Leather armour    |    13 |       |       |       |       |       |       |       |       ||    13
         Chain mail        |    66 |    63 |       |       |    32 |       |       |       |       ||   161
         Plate armour      |       |    97 |   142 |       |   218 |   353 |  1126 |   654 |   288 ||  2878
         Acid dragon scale |       |       |    13 |     9 |       |       |       |       |       ||    22
         Scale mail        |       |       |       |   119 |   185 |       |       |       |       ||   304
  Dodge: Dodged            |    43 |   127 |   296 |   795 |  1478 |   667 |  1744 |   751 |   306 ||  6207
  Block: Kite shield       |       |       |       |       |       |       |   338 |  1042 |   408 ||  1788
